Capitals vs Penguins

Created - January 16, 2025 at 20:32

Goals
1 2 3 T
Capitals 3 0 1 4
Penguins 2 0 0 2
Shots
1 2 3 T
Capitals 11 8 11 30
Penguins 11 13 14 38

1st period

1. Penguins , Marcus Foligno 7 (Aaron Ekblad 13) at 0:54
2. Capitals , Brandon Gormley 3 (Cody Hodgson 6) at 3:10 (PP)
3. Capitals , Brandon Gormley 4 (Bobby Ryan 9, Marko Dano 12) at 6:42
4. Penguins , Sebastian Aho 11 (Pavel Zacha 10, Nick Leddy 6) at 7:59
5. Capitals , Sergey Kalinin 5 (Jeff Skinner 9, Cody Hodgson 7) at 11:33

Penalties :
Iven Barbashev (Pit) for Hooking (Minor) at 2:44, Nicolas Aube-Kubel (Was) for Tripping (Minor) at 9:22, Marko Dano (Was) for Holding (Minor) at 12:42, Sebastian Aho (Pit) for Tripping (Minor) at 18:50

2nd period

No Goal

Penalties :
Oscar Klefbom (Pit) for High sticking (Minor) at 1:06, Tom Wilson (Pit) for Delaying the game (Minor) at 6:22, Mike Green (Was) for Tripping (Minor) at 19:34

3rd period

6. Capitals , Marko Dano 11 (Joe Colborne 10) at 16:05

Penalties :
Nicolas Aube-Kubel (Was) for Cross-checking (Minor) at 18:49

Goalie Stats

Cory Schneider (Was), 36 saves from 38 shots - (0.947), W, 16-10-2, 60:00 minutes
Ondrej Pavelec (Pit), 26 saves from 30 shots - (0.867), L, 11-7-2, 60:00 minutes

Players Stats for Capitals

Player Name              G  A  P  +/- PIM S  H  SB GA TA FO     MP     PP MP  PK MP  
------------------------------------------------------------------------------------
Alexei Marchenko         0  0  0   1  0   2  2  0  0  0  0/0    29:23   4:56   4:21 
Blake Pietila            0  0  0  -1  0   2  0  0  1  1  0/0    11:18   0:00   1:23 
Bobby Ryan               0  1  1   2  0   1  0  2  1  0  1/1    15:58   2:20   0:00 
Brandon Burlon           0  0  0   1  0   0  1  0  0  0  0/0    11:34   0:00   0:34 
Brandon Gormley          2  0  2   1  0   2  1  4  0  0  0/0    29:23   4:56   4:21 
Cody Hodgson             0  2  2  -1  0   0  0  2  0  0  2/6    12:56   2:20   0:52 
Colten Teubert           0  0  0   1  0   0  1  1  0  0  0/0    10:44   0:00   0:00 
Jeff Skinner             0  1  1   0  0   2  0  0  0  0  0/0     7:48   0:00   0:34 
Joe Colborne             0  1  1   2  0   0  0  0  0  1  3/8    13:56   0:00   0:00 
Marko Dano               1  1  2   2  2   5  2  0  0  0  0/0    18:00   2:20   1:13 
Mike Green               0  0  0  -1  2   5  2  3  0  1  0/0    19:18   1:27   2:12 
Nicklas Backstrom        0  0  0   0  0   1  1  1  1  1  16/41  22:36   4:03   2:07 
Nicolas Aube-Kubel       0  0  0  -1  4   2  0  1  0  0  1/1     9:37   0:00   0:00 
Patrick Kane             0  0  0   0  0   3  3  0  2  2  5/7    23:54   4:03   4:08 
Phil Kessel              0  0  0   0  0   0  0  0  0  0  0/0     6:24   0:00   0:00 
Sergey Kalinin           1  0  1   0  0   1  0  0  0  0  1/1     6:24   0:00   0:00 
Shea Theodore            0  0  0  -1  0   0  0  0  0  1  0/0    19:53   1:27   2:46 
Taylor Hall              0  0  0   0  0   4  0  0  1  0  0/2    23:43   4:03   3:57 

Players Stats for Penguins

Player Name              G  A  P  +/- PIM S  H  SB GA TA FO     MP     PP MP  PK MP  
------------------------------------------------------------------------------------
Aaron Ekblad             0  1  1  -2  0   3  2  0  0  3  0/0    28:39   4:19   4:40 
Brandon Tanev            0  0  0   0  0   3  2  0  0  0  0/0     8:07   0:00   1:37 
Colin Wilson             0  0  0   0  0   0  0  0  0  0  1/4     7:16   0:00   0:22 
Gavin Bayreuther         0  0  0   0  0   0  1  1  1  0  0/0    14:40   2:48   0:00 
Iven Barbashev           0  0  0   0  2   0  0  0  0  0  0/0     7:15   0:00   0:22 
Jeff Carter              0  0  0  -1  0   4  0  0  0  1  1/7     9:33   0:00   0:00 
John Tavares             0  0  0  -1  0   3  2  0  1  0  18/27  21:45   3:51   1:37 
Keith Aulie              0  0  0   1  0   4  3  0  0  1  0/0    20:23   2:48   1:47 
Kirill Kaprizov          0  0  0  -1  0   3  1  0  1  0  4/5    19:59   3:51   0:00 
Marcus Foligno           1  0  1  -1  0   3  0  1  0  0  0/0    13:57   0:00   4:24 
Mark Scheifele           0  0  0  -1  0   2  2  0  0  0  5/9    24:23   3:51   4:24 
Mathew Barzal            0  0  0   1  0   2  2  0  2  0  1/1    17:02   3:16   0:00 
Nick Blankenburg         0  0  0   0  0   2  0  0  0  0  0/0    12:58   0:00   1:43 
Nick Leddy               0  1  1   1  0   3  0  0  0  1  0/0    15:18   0:00   0:48 
Oscar Klefbom            0  0  0  -2  2   0  3  1  0  0  0/0    28:08   4:19   3:48 
Pavel Zacha              0  1  1   1  0   1  2  0  1  0  0/0    17:02   3:16   0:00 
Sebastian Aho            1  0  1   1  2   3  2  0  1  0  8/13   17:03   3:16   0:00 
Tom Wilson               0  0  0  -1  2   2  1  1  0  0  0/1    10:05   0:00   0:00 

3 Stars

1 - Brandon Gormley (Was)
2 - Marko Dano (Was)
3 - Cory Schneider (Was)

Power Play

Capitals - 1 on 4 Attempt(s) - 25.00%
Penguins - 0 on 4 Attempt(s) - 0.00%

Penalty Kill

Capitals - 4 on 4 Attempt(s) - 100.00% - Score 0 goal in Penalty Kill
Penguins - 3 on 4 Attempt(s) - 75.00% - Score 0 goal in Penalty Kill

Team Stat

Capitals - Hits : 13 - Faceoff Wins : 29 - Blocked Shots : 14 - Penalty Minutes : 8
Penguins - Hits : 23 - Faceoff Wins : 38 - Blocked Shots : 4 - Penalty Minutes : 8

Official

Referees : Justin St. Pierre and Brandon Blandina
Linesman : Derek Amell and Kyle Flemington

Game Notes

No Game Note

Finance

Level 1 -- Attendance: 5723 (95.38%) -- Ticket Income $572,300
Level 2 -- Attendance: 5000 (100.00%) -- Ticket Income $350,000
Level 3 -- Attendance: 1897 (94.85%) -- Ticket Income $75,880
Level 4 -- Attendance: 4000 (100.00%) -- Ticket Income $120,000
Luxury Box -- Attendance: 1000 (100.00%) -- Ticket Income $200,000
Game was played at the PPG Paint Arena.
Total Attendance: 17620 (97.89%)
Total Ticket Income: $1,318,180
Other Income: $197,727
Total Income: $1,515,907

Capitals

5 vs 5 Forward 
   Center                   Left Wing                Right Wing               Time % Phy DF OF 
 1 Nicklas Backstrom        Taylor Hall              Patrick Kane             40     0   1  4  
 2 Joe Colborne             Marko Dano               Bobby Ryan               30     0   1  4  
 3 Cody Hodgson             Blake Pietila            Nicolas Aube-Kubel       20     0   1  4  
 4 Sergey Kalinin           Jeff Skinner             Phil Kessel              10     0   2  3  

5 vs 5 Defense 
   Defense                  Defense                                           Time % Phy DF OF 
 1 Brandon Gormley          Alexei Marchenko                                  40     0   3  2  
 2 Mike Green               Shea Theodore                                     30     0   3  2  
 3 Colten Teubert           Brandon Burlon                                    20     0   3  2  
 4 Brandon Gormley          Alexei Marchenko                                  10     0   3  2  

PowerPlay Forward 
   Center                   Left Wing                Right Wing               Time % Phy DF OF 
 1 Nicklas Backstrom        Taylor Hall              Patrick Kane             60     0   0  5  
 2 Cody Hodgson             Marko Dano               Bobby Ryan               40     0   0  5  

PowerPlay Defense
   Defense                  Defense                                           Time % Phy DF OF 
 1 Brandon Gormley          Alexei Marchenko                                  60     0   2  3  
 2 Mike Green               Shea Theodore                                     40     0   2  3  

Penalty Kill 4 Players Forward 
   Center                   Wing                     Time % Phy DF OF 
 1 Patrick Kane             Taylor Hall              60     0   4  1  
 2 Nicklas Backstrom        Marko Dano               40     0   4  1  

Penalty Kill 4 Players Defense
   Defense                  Defense                  Time % Phy DF OF 
 1 Brandon Gormley          Alexei Marchenko         60     0   4  1  
 2 Mike Green               Shea Theodore            40     0   4  1  

Penalty Kill - 3 Players Forward 
   Forward                                           Time % Phy DF OF 
 1 Patrick Kane                                      60     0   5  0  
 2 Taylor Hall                                       40     0   5  0  

Penalty Kill - 3 Players Defense
   Defense                  Defense                  Time % Phy DF OF 
 1 Brandon Gormley          Alexei Marchenko         60     0   5  0  
 2 Mike Green               Shea Theodore            40     0   5  0  

4 vs 4 Forward 
   Center                   Wing                     Time % Phy DF OF 
 1 Patrick Kane             Taylor Hall              60     0   1  4  
 2 Nicklas Backstrom        Marko Dano               40     0   1  4  

4 vs 4 Defense
   Defense                  Defense                  Time % Phy DF OF 
 1 Brandon Gormley          Alexei Marchenko         60     0   3  2  
 2 Mike Green               Shea Theodore            40     0   3  2  

Last Minutes Offensive
   Center                   Left Wing                Right Wing               Defense                  Defense                  
   Nicklas Backstrom        Taylor Hall              Patrick Kane             Brandon Gormley          Alexei Marchenko         

Last Minutes Defensive
   Center                   Left Wing                Right Wing               Defense                  Defense                  
   Nicklas Backstrom        Taylor Hall              Patrick Kane             Brandon Gormley          Alexei Marchenko         

Goaltenders
Starting : Cory Schneider           
Backup : Chet Pickard             

Extra Forwards
Normal : Taylor Hall, Patrick Kane, Marko Dano - PP : Taylor Hall, Patrick Kane - PK : Patrick Kane
Extra Defensemen
Normal : Brandon Gormley, Shea Theodore, Alexei Marchenko - PP : Shea Theodore - PK : Alexei Marchenko, Brandon Gormley
Penalty Shots
Patrick Kane, Taylor Hall, Nicklas Backstrom, Marko Dano, Jeff Skinner
Custom OT Lines Forwards
Patrick Kane, Taylor Hall, Nicklas Backstrom, Marko Dano, Jeff Skinner, Cody Hodgson, Blake Pietila, Bobby Ryan, Joe Colborne, Nicolas Aube-Kubel
Custom OT Lines Defensemen
Brandon Gormley, Alexei Marchenko, Mike Green, Shea Theodore, Colten Teubert

Scratches
None

Penguins

5 vs 5 Forward 
   Center                   Left Wing                Right Wing               Time % Phy DF OF 
 1 John Tavares             Kirill Kaprizov          Mark Scheifele           40     1   2  2  
 2 Sebastian Aho            Pavel Zacha              Mathew Barzal            30     1   2  2  
 3 Jeff Carter              Marcus Foligno           Tom Wilson               20     1   2  2  
 4 Colin Wilson             Iven Barbashev           Brandon Tanev            10     1   2  2  

5 vs 5 Defense 
   Defense                  Defense                                           Time % Phy DF OF 
 1 Oscar Klefbom            Aaron Ekblad                                      45     1   2  2  
 2 Keith Aulie              Nick Leddy                                        35     1   2  2  
 3 Gavin Bayreuther         Nick Blankenburg                                  20     1   2  2  
 4 Oscar Klefbom            Nick Leddy                                        0      1   2  2  

PowerPlay Forward 
   Center                   Left Wing                Right Wing               Time % Phy DF OF 
 1 John Tavares             Kirill Kaprizov          Mark Scheifele           60     0   2  3  
 2 Sebastian Aho            Pavel Zacha              Mathew Barzal            40     0   2  3  

PowerPlay Defense
   Defense                  Defense                                           Time % Phy DF OF 
 1 Oscar Klefbom            Aaron Ekblad                                      60     0   2  3  
 2 Keith Aulie              Gavin Bayreuther                                  40     0   2  3  

Penalty Kill 4 Players Forward 
   Center                   Wing                     Time % Phy DF OF 
 1 Mark Scheifele           Marcus Foligno           60     1   3  1  
 2 John Tavares             Brandon Tanev            40     1   3  1  

Penalty Kill 4 Players Defense
   Defense                  Defense                  Time % Phy DF OF 
 1 Oscar Klefbom            Aaron Ekblad             60     1   2  2  
 2 Keith Aulie              Nick Blankenburg         40     1   2  2  

Penalty Kill - 3 Players Forward 
   Forward                                           Time % Phy DF OF 
 1 Marcus Foligno                                    60     1   2  2  
 2 John Tavares                                      40     1   2  2  

Penalty Kill - 3 Players Defense
   Defense                  Defense                  Time % Phy DF OF 
 1 Oscar Klefbom            Aaron Ekblad             60     1   2  2  
 2 Keith Aulie              Nick Blankenburg         40     1   2  2  

4 vs 4 Forward 
   Center                   Wing                     Time % Phy DF OF 
 1 John Tavares             Mark Scheifele           60     1   2  2  
 2 Sebastian Aho            Pavel Zacha              40     1   2  2  

4 vs 4 Defense
   Defense                  Defense                  Time % Phy DF OF 
 1 Oscar Klefbom            Aaron Ekblad             50     1   2  2  
 2 Keith Aulie              Nick Leddy               50     1   2  2  

Last Minutes Offensive
   Center                   Left Wing                Right Wing               Defense                  Defense                  
   John Tavares             Kirill Kaprizov          Mark Scheifele           Oscar Klefbom            Aaron Ekblad             

Last Minutes Defensive
   Center                   Left Wing                Right Wing               Defense                  Defense                  
   John Tavares             Marcus Foligno           Tom Wilson               Oscar Klefbom            Aaron Ekblad             

Goaltenders
Starting : Ondrej Pavelec           
Backup : Jeremy Swayman           

Extra Forwards
Normal : John Tavares, Mark Scheifele, Marcus Foligno - PP : John Tavares, Mark Scheifele - PK : Marcus Foligno
Extra Defensemen
Normal : Oscar Klefbom, Keith Aulie, Nick Blankenburg - PP : Oscar Klefbom - PK : Oscar Klefbom, Keith Aulie
Penalty Shots
Mark Scheifele, John Tavares, Sebastian Aho, Kirill Kaprizov, Pavel Zacha
Custom OT Lines Forwards
John Tavares, Mark Scheifele, Sebastian Aho, Kirill Kaprizov, Pavel Zacha, Mathew Barzal, Marcus Foligno, Colin Wilson, Tom Wilson, Iven Barbashev
Custom OT Lines Defensemen
Oscar Klefbom, Aaron Ekblad, Keith Aulie, Nick Leddy, Gavin Bayreuther

Scratches
Nikita Tryamkin (Healthy)

% Time on Ice - Capitals

Lines # - Real PCT - Wanted PCT - Time Play
Normal Forward
1 - 34% - 40% - 16:01
2 - 31% - 30% - 14:28
3 - 21% - 20% - 9:37
4 - 14% - 10% - 6:24
Normal Defense
1 - 41% - 40% - 18:58
2 - 34% - 30% - 15:40
3 - 23% - 20% - 10:44
4 - 2% - 10% - 1:08
PP Forward
1 - 63% - 60% - 4:03
2 - 37% - 40% - 2:20
PP Defense
1 - 77% - 60% - 4:56
2 - 23% - 40% - 1:27
PK Forward
1 - 70% - 60% - 5:00
2 - 30% - 40% - 2:07
PK Defense
1 - 61% - 60% - 4:21
2 - 39% - 40% - 2:46
PK3 Forward
1 - 0% - 60%
2 - 0% - 40%
PK3 Defense
1 - 0% - 60%
2 - 0% - 40%
44 Forward
1 - 0% - 60%
2 - 0% - 40%
44 Defense
1 - 0% - 60%
2 - 0% - 40%
Last Minute Offensive  - 0:00
Last Minute Defensive  - 0:00
Total
Forward - 60:00
Defense - 60:00

% Time on Ice - Penguins

Lines # - Real PCT - Wanted PCT - Time Play
Normal Forward
1 - 36% - 40% - 16:41
2 - 30% - 30% - 13:55
3 - 21% - 20% - 9:33
4 - 14% - 10% - 6:21
Normal Defense
1 - 42% - 45% - 19:42
2 - 34% - 35% - 15:46
3 - 24% - 20% - 11:02
4 - 0% - 0% - 0:00
PP Forward
1 - 54% - 60% - 3:51
2 - 46% - 40% - 3:16
PP Defense
1 - 61% - 60% - 4:19
2 - 39% - 40% - 2:48
PK Forward
1 - 75% - 60% - 4:46
2 - 25% - 40% - 1:37
PK Defense
1 - 84% - 60% - 5:20
2 - 16% - 40% - 1:03
PK3 Forward
1 - 0% - 60%
2 - 0% - 40%
PK3 Defense
1 - 0% - 60%
2 - 0% - 40%
44 Forward
1 - 0% - 60%
2 - 0% - 40%
44 Defense
1 - 0% - 50%
2 - 0% - 50%
Last Minute Offensive  - 0:00
Last Minute Defensive  - 0:00
Total
Forward - 60:00
Defense - 60:00

Play-by-Play

1st period


0:01 of 1st period - John Tavares wins face-off versus Nicklas Backstrom in neutral zone.
0:54 of 1st period - Snap shot by Marcus Foligno.
0:54 of 1st period - Goal by Marcus Foligno - Capitals : 0 - Penguins : 1.
0:55 of 1st period - Colin Wilson wins face-off versus Cody Hodgson in neutral zone.
1:04 of 1st period - Slapshot by Colin Wilson.
1:04 of 1st period - Shot Misses the Net.
1:08 of 1st period - Snap shot by Brandon Tanev.
1:08 of 1st period - Shot Blocked by Nicolas Aube-Kubel.
1:33 of 1st period - Mark Scheifele is hit by Patrick Kane and loses puck.
2:44 of 1st period - Minor Penalty to Iven Barbashev for Hooking.
2:45 of 1st period - Nicklas Backstrom wins face-off versus Mark Scheifele in Penguins zone.
3:02 of 1st period - Off-side.
3:03 of 1st period - Mark Scheifele wins face-off versus Cody Hodgson in neutral zone.
3:10 of 1st period - Slapshot by Brandon Gormley.
3:10 of 1st period - Goal by Brandon Gormley - Capitals : 1 - Penguins : 1.
3:11 of 1st period - John Tavares wins face-off versus Nicklas Backstrom in neutral zone.
3:38 of 1st period - Nick Leddy is hit by Marko Dano and loses puck.
4:05 of 1st period - Wrist shot by Nicolas Aube-Kubel.
4:05 of 1st period - Shot Blocked by Tom Wilson.
4:29 of 1st period - Snap shot by Mark Scheifele.
4:29 of 1st period - Shot Blocked by Mike Green.
4:31 of 1st period - Snap shot by Kirill Kaprizov.
4:31 of 1st period - Stopped by Cory Schneider with a rebound.
4:33 of 1st period - Slapshot by Aaron Ekblad.
4:33 of 1st period - Shot Blocked by Mike Green.
4:53 of 1st period - Snap shot by Brandon Tanev.
4:53 of 1st period - Shot Misses the Net.
5:07 of 1st period - Colten Teubert is hit by Sebastian Aho and loses puck.
5:58 of 1st period - Slapshot by Taylor Hall.
5:58 of 1st period - Stopped by Ondrej Pavelec with a rebound.
6:00 of 1st period - Wrist shot by Patrick Kane.
6:00 of 1st period - Shot Misses the Net.
6:02 of 1st period - Wrist shot by Taylor Hall.
6:02 of 1st period - Stopped by Ondrej Pavelec with a rebound.
6:04 of 1st period - Backhand shot by Colten Teubert.
6:04 of 1st period - Deflect By Taylor Hall.
6:04 of 1st period - Shot Misses the Net.
6:04 of 1st period - Puck is out of play.
6:05 of 1st period - Sebastian Aho wins face-off versus Nicklas Backstrom in Penguins zone.
6:12 of 1st period - Aaron Ekblad is hit by Alexei Marchenko and loses puck.
6:40 of 1st period - Slapshot by Bobby Ryan.
6:40 of 1st period - Shot Misses the Net.
6:42 of 1st period - Snap shot by Brandon Gormley.
6:42 of 1st period - Deflect By John Tavares.
6:42 of 1st period - Goal by Brandon Gormley - Capitals : 2 - Penguins : 1.
6:43 of 1st period - John Tavares wins face-off versus Taylor Hall in neutral zone.
6:48 of 1st period - Wrist shot by Mark Scheifele.
6:48 of 1st period - Shot Blocked by Brandon Gormley.
6:50 of 1st period - Wrist shot by Keith Aulie.
6:50 of 1st period - Stopped by Cory Schneider without a rebound.
6:51 of 1st period - Nicklas Backstrom wins face-off versus John Tavares in Capitals zone.
6:51 of 1st period - Nicklas Backstrom is hit by Mark Scheifele.
6:57 of 1st period - Wrist shot by Taylor Hall.
6:57 of 1st period - Stopped by Ondrej Pavelec without a rebound.
6:58 of 1st period - John Tavares wins face-off versus Joe Colborne in Penguins zone.
7:11 of 1st period - Wrist shot by Marko Dano.
7:11 of 1st period - Deflect By Bobby Ryan.
7:11 of 1st period - Stopped by Ondrej Pavelec without a rebound.
7:12 of 1st period - Sebastian Aho wins face-off versus Nicklas Backstrom in Penguins zone.
7:21 of 1st period - Slapshot by Pavel Zacha.
7:21 of 1st period - Stopped by Cory Schneider with a rebound.
7:45 of 1st period - Wrist shot by Blake Pietila.
7:45 of 1st period - Shot Misses the Net.
7:57 of 1st period - Wrist shot by Sebastian Aho.
7:57 of 1st period - Stopped by Cory Schneider with a rebound.
7:59 of 1st period - Wrist shot by Sebastian Aho.
7:59 of 1st period - Goal by Sebastian Aho - Capitals : 2 - Penguins : 2.
8:00 of 1st period - Joe Colborne wins face-off versus John Tavares in neutral zone.
8:03 of 1st period - Slapshot by Alexei Marchenko.
8:03 of 1st period - Shot Misses the Net.
8:14 of 1st period - Off-side.
8:15 of 1st period - Nicklas Backstrom wins face-off versus Jeff Carter in neutral zone.
9:22 of 1st period - Minor Penalty to Nicolas Aube-Kubel for Tripping.
9:23 of 1st period - Patrick Kane wins face-off versus John Tavares in Capitals zone.
9:23 of 1st period - Patrick Kane is hit by Mark Scheifele.
10:12 of 1st period - Wrist shot by Kirill Kaprizov.
10:12 of 1st period - Shot Misses the Net.
10:28 of 1st period - Alexei Marchenko is hit by Aaron Ekblad and loses puck.
11:22 of 1st period - Penalty to Nicolas Aube-Kubel is over, Nicolas Aube-Kubel is back on ice.
11:31 of 1st period - Snap shot by Sergey Kalinin.
11:31 of 1st period - Shot Misses the Net.
11:33 of 1st period - Snap shot by Jeff Skinner.
11:33 of 1st period - Deflect By Sergey Kalinin.
11:33 of 1st period - Goal by Sergey Kalinin - Capitals : 3 - Penguins : 2.
11:34 of 1st period - Nicklas Backstrom wins face-off versus John Tavares in neutral zone.
12:12 of 1st period - Slapshot by Keith Aulie.
12:12 of 1st period - Stopped by Cory Schneider with a rebound.
12:14 of 1st period - Wrist shot by Nick Leddy.
12:14 of 1st period - Shot Misses the Net.
12:27 of 1st period - Wrist shot by Mathew Barzal.
12:27 of 1st period - Stopped by Cory Schneider with a rebound.
12:42 of 1st period - Minor Penalty to Marko Dano for Holding.
12:43 of 1st period - John Tavares wins face-off versus Patrick Kane in Capitals zone.
12:48 of 1st period - Snap shot by John Tavares.
12:48 of 1st period - Shot Misses the Net.
13:44 of 1st period - Blake Pietila is hit by Keith Aulie and loses puck.
14:11 of 1st period - Aaron Ekblad is hit by Mike Green and loses puck.
14:25 of 1st period - Icing by Sebastian Aho.
14:26 of 1st period - Nicklas Backstrom wins face-off versus Sebastian Aho in Penguins zone.
14:35 of 1st period - Mike Green is hit by Pavel Zacha and loses puck.
14:42 of 1st period - Penalty to Marko Dano is over, Marko Dano is back on ice.
14:43 of 1st period - Icing by Nicklas Backstrom.
14:44 of 1st period - Kirill Kaprizov wins face-off versus Nicklas Backstrom in Capitals zone.
15:15 of 1st period - Wrist shot by Marcus Foligno.
15:15 of 1st period - Stopped by Cory Schneider with a rebound.
15:21 of 1st period - Snap shot by Marcus Foligno.
15:21 of 1st period - Shot Blocked by Mike Green.
15:23 of 1st period - Slapshot by Marcus Foligno.
15:23 of 1st period - Shot Misses the Net.
15:31 of 1st period - Wrist shot by Jeff Carter.
15:31 of 1st period - Stopped by Cory Schneider without a rebound.
15:32 of 1st period - Nicolas Aube-Kubel wins face-off versus Kirill Kaprizov in Capitals zone.
16:38 of 1st period - Snap shot by Kirill Kaprizov.
16:38 of 1st period - Stopped by Cory Schneider without a rebound.
16:39 of 1st period - Sebastian Aho wins face-off versus Nicklas Backstrom in Capitals zone.
16:48 of 1st period - Pavel Zacha is hit by Colten Teubert and loses puck.
17:39 of 1st period - Snap shot by Joe Colborne.
17:39 of 1st period - Deflect By Marko Dano.
17:39 of 1st period - Stopped by Ondrej Pavelec without a rebound.
17:40 of 1st period - John Tavares wins face-off versus Nicklas Backstrom in Penguins zone.
18:16 of 1st period - Slapshot by Blake Pietila.
18:16 of 1st period - Stopped by Ondrej Pavelec with a rebound.
18:18 of 1st period - Snap shot by Nicolas Aube-Kubel.
18:18 of 1st period - Stopped by Ondrej Pavelec with a rebound.
18:20 of 1st period - Wrist shot by Nicolas Aube-Kubel.
18:20 of 1st period - Stopped by Ondrej Pavelec without a rebound.
18:21 of 1st period - Sebastian Aho wins face-off versus Nicklas Backstrom in Penguins zone.
18:21 of 1st period - Sebastian Aho is hit by Brandon Burlon.
18:26 of 1st period - Off-side.
18:27 of 1st period - Nicklas Backstrom wins face-off versus Sebastian Aho in neutral zone.
18:50 of 1st period - Minor Penalty to Sebastian Aho for Tripping.
18:51 of 1st period - Mark Scheifele wins face-off versus Nicklas Backstrom in Penguins zone.
19:16 of 1st period - Oscar Klefbom is hit by Alexei Marchenko and loses puck.
19:41 of 1st period - Snap shot by Patrick Kane.
19:41 of 1st period - Shot Blocked by Oscar Klefbom.
Goals for this period are 3 for Capitals vs 2 for Penguins.
Shots for this period are 11 for Capitals vs 11 for Penguins.

2nd period


0:01 of 2nd period - Nicklas Backstrom wins face-off versus Mark Scheifele in neutral zone.
0:50 of 2nd period - Penalty to Sebastian Aho is over, Sebastian Aho is back on ice.
1:06 of 2nd period - Minor Penalty to Oscar Klefbom for High sticking.
1:07 of 2nd period - Patrick Kane wins face-off versus Mark Scheifele in Penguins zone.
1:57 of 2nd period - Shea Theodore is hit by John Tavares and loses puck.
2:36 of 2nd period - Nick Leddy is hit by Marko Dano and loses puck.
2:47 of 2nd period - Backhand shot by Nick Leddy.
2:47 of 2nd period - Shot Blocked by Bobby Ryan.
3:06 of 2nd period - Penalty to Oscar Klefbom is over, Oscar Klefbom is back on ice.
3:22 of 2nd period - Wrist shot by Pavel Zacha.
3:22 of 2nd period - Shot Misses the Net.
3:44 of 2nd period - Snap shot by Jeff Carter.
3:44 of 2nd period - Stopped by Cory Schneider with a rebound.
6:05 of 2nd period - Icing by Nick Leddy.
6:06 of 2nd period - Nicklas Backstrom wins face-off versus Jeff Carter in Penguins zone.
6:22 of 2nd period - Minor Penalty to Tom Wilson for Delaying the game.
6:23 of 2nd period - Mark Scheifele wins face-off versus Nicklas Backstrom in Penguins zone.
6:33 of 2nd period - Wrist shot by Mark Scheifele.
6:33 of 2nd period - Stopped by Cory Schneider without a rebound.
6:34 of 2nd period - Mark Scheifele wins face-off versus Nicklas Backstrom in Capitals zone.
7:11 of 2nd period - Snap shot by Marko Dano.
7:11 of 2nd period - Stopped by Ondrej Pavelec without a rebound.
7:12 of 2nd period - John Tavares wins face-off versus Cody Hodgson in Penguins zone.
8:22 of 2nd period - Penalty to Tom Wilson is over, Tom Wilson is back on ice.
8:46 of 2nd period - Snap shot by Tom Wilson.
8:46 of 2nd period - Shot Misses the Net.
8:48 of 2nd period - Slapshot by Nick Blankenburg.
8:48 of 2nd period - Stopped by Cory Schneider with a rebound.
8:50 of 2nd period - Slapshot by Nick Blankenburg.
8:50 of 2nd period - Stopped by Cory Schneider with a rebound.
8:54 of 2nd period - Wrist shot by Tom Wilson.
8:54 of 2nd period - Deflect By Colin Wilson.
8:54 of 2nd period - Shot Misses the Net.
8:54 of 2nd period - Puck is out of play.
8:55 of 2nd period - Sebastian Aho wins face-off versus Joe Colborne in Capitals zone.
9:04 of 2nd period - Wrist shot by Pavel Zacha.
9:04 of 2nd period - Shot Blocked by Brandon Gormley.
9:08 of 2nd period - Wrist shot by Sebastian Aho.
9:08 of 2nd period - Deflect By Mathew Barzal.
9:08 of 2nd period - Shot Misses the Net.
9:08 of 2nd period - Puck is out of play.
9:09 of 2nd period - John Tavares wins face-off versus Joe Colborne in Capitals zone.
9:36 of 2nd period - Brandon Gormley is hit by Pavel Zacha.
9:46 of 2nd period - Snap shot by Alexei Marchenko.
9:46 of 2nd period - Stopped by Ondrej Pavelec without a rebound.
9:47 of 2nd period - Nicklas Backstrom wins face-off versus John Tavares in Penguins zone.
10:00 of 2nd period - Slapshot by Mark Scheifele.
10:00 of 2nd period - Stopped by Cory Schneider with a rebound.
10:14 of 2nd period - Marcus Foligno is hit by Mike Green.
10:36 of 2nd period - Snap shot by Nicolas Aube-Kubel.
10:36 of 2nd period - Shot Blocked by Gavin Bayreuther.
10:44 of 2nd period - Snap shot by Blake Pietila.
10:44 of 2nd period - Stopped by Ondrej Pavelec without a rebound.
10:45 of 2nd period - John Tavares wins face-off versus Nicklas Backstrom in Penguins zone.
10:50 of 2nd period - Patrick Kane is hit by John Tavares.
10:56 of 2nd period - Oscar Klefbom is hit by Patrick Kane and loses puck.
11:40 of 2nd period - Wrist shot by Nicolas Aube-Kubel.
11:40 of 2nd period - Deflect By Cody Hodgson.
11:40 of 2nd period - Shot Hit the Post.
11:40 of 2nd period - Puck is out of play.
11:41 of 2nd period - Kirill Kaprizov wins face-off versus Nicklas Backstrom in Penguins zone.
11:41 of 2nd period - Kirill Kaprizov is hit by Patrick Kane.
12:22 of 2nd period - Wrist shot by Marko Dano.
12:22 of 2nd period - Shot Misses the Net.
12:37 of 2nd period - Snap shot by Nicolas Aube-Kubel.
12:37 of 2nd period - Deflect By Nick Leddy.
12:37 of 2nd period - Shot Misses the Net.
12:37 of 2nd period - Puck is out of play.
12:38 of 2nd period - John Tavares wins face-off versus Taylor Hall in Penguins zone.
12:43 of 2nd period - Snap shot by Mark Scheifele.
12:43 of 2nd period - Shot Misses the Net.
12:48 of 2nd period - Taylor Hall is hit by Kirill Kaprizov and loses puck.
12:53 of 2nd period - Snap shot by Taylor Hall.
12:53 of 2nd period - Shot Misses the Net.
13:05 of 2nd period - Joe Colborne is hit by Oscar Klefbom and loses puck.
13:30 of 2nd period - Slapshot by Jeff Carter.
13:30 of 2nd period - Stopped by Cory Schneider without a rebound.
13:31 of 2nd period - Cody Hodgson wins face-off versus Jeff Carter in Capitals zone.
13:38 of 2nd period - Wrist shot by Tom Wilson.
13:38 of 2nd period - Stopped by Cory Schneider without a rebound.
13:39 of 2nd period - John Tavares wins face-off versus Nicklas Backstrom in Capitals zone.
13:44 of 2nd period - Wrist shot by Mark Scheifele.
13:44 of 2nd period - Shot Blocked by Nicklas Backstrom.
13:54 of 2nd period - Wrist shot by Taylor Hall.
13:54 of 2nd period - Stopped by Ondrej Pavelec with a rebound.
13:56 of 2nd period - Snap shot by Nicklas Backstrom.
13:56 of 2nd period - Stopped by Ondrej Pavelec without a rebound.
13:57 of 2nd period - Sebastian Aho wins face-off versus Joe Colborne in Penguins zone.
14:12 of 2nd period - Backhand shot by Sebastian Aho.
14:12 of 2nd period - Shot Misses the Net.
14:14 of 2nd period - Slapshot by Aaron Ekblad.
14:14 of 2nd period - Deflect By Pavel Zacha.
14:14 of 2nd period - Shot Misses the Net.
14:14 of 2nd period - Puck is out of play.
14:15 of 2nd period - Kirill Kaprizov wins face-off versus Nicklas Backstrom in Capitals zone.
14:28 of 2nd period - Snap shot by Patrick Kane.
14:28 of 2nd period - Stopped by Ondrej Pavelec without a rebound.
14:29 of 2nd period - Nicklas Backstrom wins face-off versus John Tavares in Penguins zone.
14:32 of 2nd period - Slapshot by Patrick Kane.
14:32 of 2nd period - Stopped by Ondrej Pavelec without a rebound.
14:33 of 2nd period - John Tavares wins face-off versus Nicklas Backstrom in Penguins zone.
14:37 of 2nd period - Off-side.
14:38 of 2nd period - Nicklas Backstrom wins face-off versus John Tavares in neutral zone.
15:03 of 2nd period - Wrist shot by John Tavares.
15:03 of 2nd period - Stopped by Cory Schneider with a rebound.
15:09 of 2nd period - Mark Scheifele is hit by Nicklas Backstrom and loses puck.
15:24 of 2nd period - Wrist shot by John Tavares.
15:24 of 2nd period - Stopped by Cory Schneider without a rebound.
15:25 of 2nd period - Bobby Ryan wins face-off versus Jeff Carter in Capitals zone.
16:00 of 2nd period - Snap shot by Sebastian Aho.
16:00 of 2nd period - Stopped by Cory Schneider with a rebound.
16:02 of 2nd period - Wrist shot by Nick Leddy.
16:02 of 2nd period - Stopped by Cory Schneider with a rebound.
16:11 of 2nd period - Nicolas Aube-Kubel is hit by Brandon Tanev and loses puck.
16:16 of 2nd period - Wrist shot by Brandon Tanev.
16:16 of 2nd period - Stopped by Cory Schneider with a rebound.
16:40 of 2nd period - Snap shot by Marko Dano.
16:40 of 2nd period - Stopped by Ondrej Pavelec with a rebound.
17:23 of 2nd period - Off-side.
17:24 of 2nd period - John Tavares wins face-off versus Nicklas Backstrom in neutral zone.
18:27 of 2nd period - Wrist shot by Jeff Carter.
18:27 of 2nd period - Stopped by Cory Schneider without a rebound.
18:28 of 2nd period - Mark Scheifele wins face-off versus Nicklas Backstrom in Capitals zone.
18:55 of 2nd period - Marko Dano is hit by Keith Aulie and loses puck.
19:34 of 2nd period - Minor Penalty to Mike Green for Tripping.
19:35 of 2nd period - Patrick Kane wins face-off versus John Tavares in Capitals zone.
Goals for this period are 0 for Capitals vs 0 for Penguins.
Shots for this period are 8 for Capitals vs 13 for Penguins.

3rd period


0:01 of 3rd period - Patrick Kane wins face-off versus Mark Scheifele in neutral zone.
0:14 of 3rd period - Slapshot by Aaron Ekblad.
0:14 of 3rd period - Stopped by Cory Schneider without a rebound.
0:15 of 3rd period - Patrick Kane wins face-off versus John Tavares in Capitals zone.
1:34 of 3rd period - Penalty to Mike Green is over, Mike Green is back on ice.
1:49 of 3rd period - Snap shot by Mike Green.
1:49 of 3rd period - Stopped by Ondrej Pavelec without a rebound.
1:50 of 3rd period - Joe Colborne wins face-off versus Tom Wilson in Penguins zone.
2:04 of 3rd period - Snap shot by Marcus Foligno.
2:04 of 3rd period - Stopped by Cory Schneider without a rebound.
2:05 of 3rd period - Sebastian Aho wins face-off versus Nicklas Backstrom in Capitals zone.
2:06 of 3rd period - Backhand shot by Oscar Klefbom.
2:06 of 3rd period - Deflect By Mathew Barzal.
2:06 of 3rd period - Stopped by Cory Schneider without a rebound.
2:07 of 3rd period - Nicklas Backstrom wins face-off versus Sebastian Aho in Capitals zone.
2:07 of 3rd period - Nicklas Backstrom is hit by Mathew Barzal.
2:24 of 3rd period - Taylor Hall is hit by Sebastian Aho and loses puck.
2:50 of 3rd period - Oscar Klefbom is hit by Brandon Gormley and loses puck.
3:11 of 3rd period - Snap shot by Marko Dano.
3:11 of 3rd period - Shot Misses the Net.
3:41 of 3rd period - Snap shot by John Tavares.
3:41 of 3rd period - Stopped by Cory Schneider with a rebound.
3:43 of 3rd period - Snap shot by Aaron Ekblad.
3:43 of 3rd period - Stopped by Cory Schneider with a rebound.
3:45 of 3rd period - Slapshot by Aaron Ekblad.
3:45 of 3rd period - Stopped by Cory Schneider without a rebound.
3:46 of 3rd period - Sebastian Aho wins face-off versus Nicklas Backstrom in Capitals zone.
4:08 of 3rd period - Brandon Burlon is hit by Mathew Barzal.
4:18 of 3rd period - Slapshot by Nick Leddy.
4:18 of 3rd period - Shot Blocked by Cody Hodgson.
5:24 of 3rd period - Wrist shot by Mike Green.
5:24 of 3rd period - Stopped by Ondrej Pavelec without a rebound.
5:25 of 3rd period - Nicklas Backstrom wins face-off versus Colin Wilson in Penguins zone.
5:38 of 3rd period - Slapshot by Taylor Hall.
5:38 of 3rd period - Shot Misses the Net.
6:21 of 3rd period - Slapshot by Pavel Zacha.
6:21 of 3rd period - Shot Misses the Net.
6:44 of 3rd period - Snap shot by Patrick Kane.
6:44 of 3rd period - Shot Misses the Net.
6:46 of 3rd period - Slapshot by Shea Theodore.
6:46 of 3rd period - Shot Blocked by Marcus Foligno.
6:48 of 3rd period - Snap shot by Mike Green.
6:48 of 3rd period - Stopped by Ondrej Pavelec with a rebound.
6:50 of 3rd period - Slapshot by Mike Green.
6:50 of 3rd period - Stopped by Ondrej Pavelec with a rebound.
6:52 of 3rd period - Snap shot by Mike Green.
6:52 of 3rd period - Stopped by Ondrej Pavelec without a rebound.
6:53 of 3rd period - John Tavares wins face-off versus Joe Colborne in Penguins zone.
6:58 of 3rd period - Backhand shot by Nick Leddy.
6:58 of 3rd period - Shot Misses the Net.
7:00 of 3rd period - Slapshot by Nick Leddy.
7:00 of 3rd period - Stopped by Cory Schneider with a rebound.
7:10 of 3rd period - Slapshot by Alexei Marchenko.
7:10 of 3rd period - Stopped by Ondrej Pavelec with a rebound.
7:16 of 3rd period - Brandon Gormley is hit by Keith Aulie and loses puck.
7:37 of 3rd period - Snap shot by Marko Dano.
7:37 of 3rd period - Shot Misses the Net.
7:49 of 3rd period - Wrist shot by Mark Scheifele.
7:49 of 3rd period - Shot Misses the Net.
7:59 of 3rd period - Slapshot by Nick Leddy.
7:59 of 3rd period - Shot Blocked by Bobby Ryan.
8:01 of 3rd period - Slapshot by Nick Leddy.
8:01 of 3rd period - Stopped by Cory Schneider with a rebound.
8:03 of 3rd period - Slapshot by Keith Aulie.
8:03 of 3rd period - Stopped by Cory Schneider without a rebound.
8:04 of 3rd period - Nicklas Backstrom wins face-off versus Sebastian Aho in Capitals zone.
8:11 of 3rd period - Colten Teubert is hit by Aaron Ekblad and loses puck.
8:55 of 3rd period - Off-side.
8:56 of 3rd period - Sergey Kalinin wins face-off versus Colin Wilson in neutral zone.
9:35 of 3rd period - Snap shot by Jeff Skinner.
9:35 of 3rd period - Stopped by Ondrej Pavelec with a rebound.
9:37 of 3rd period - Backhand shot by Sergey Kalinin.
9:37 of 3rd period - Shot Misses the Net.
9:39 of 3rd period - Slapshot by Mike Green.
9:39 of 3rd period - Shot Misses the Net.
9:51 of 3rd period - Wrist shot by Jeff Skinner.
9:51 of 3rd period - Stopped by Ondrej Pavelec without a rebound.
9:52 of 3rd period - Kirill Kaprizov wins face-off versus Nicklas Backstrom in Penguins zone.
10:05 of 3rd period - Taylor Hall is hit by Oscar Klefbom and loses puck.
11:37 of 3rd period - Slapshot by Keith Aulie.
11:37 of 3rd period - Stopped by Cory Schneider without a rebound.
11:38 of 3rd period - John Tavares wins face-off versus Nicklas Backstrom in Capitals zone.
11:51 of 3rd period - Snap shot by Patrick Kane.
11:51 of 3rd period - Stopped by Ondrej Pavelec without a rebound.
11:52 of 3rd period - Nicklas Backstrom wins face-off versus Sebastian Aho in Penguins zone.
12:26 of 3rd period - Alexei Marchenko is hit by Gavin Bayreuther and loses puck.
13:26 of 3rd period - Snap shot by Brandon Tanev.
13:26 of 3rd period - Shot Misses the Net.
13:28 of 3rd period - Snap shot by Colin Wilson.
13:28 of 3rd period - Deflect By Brandon Tanev.
13:28 of 3rd period - Stopped by Cory Schneider without a rebound.
13:29 of 3rd period - John Tavares wins face-off versus Nicklas Backstrom in Capitals zone.
13:38 of 3rd period - Wrist shot by John Tavares.
13:38 of 3rd period - Shot Misses the Net.
13:56 of 3rd period - Nicolas Aube-Kubel is hit by Oscar Klefbom and loses puck.
14:41 of 3rd period - Off-side.
14:42 of 3rd period - Mathew Barzal wins face-off versus Nicklas Backstrom in neutral zone.
14:51 of 3rd period - Slapshot by Oscar Klefbom.
14:51 of 3rd period - Deflect By Sebastian Aho.
14:51 of 3rd period - Shot Misses the Net.
14:51 of 3rd period - Puck is out of play.
14:52 of 3rd period - John Tavares wins face-off versus Nicklas Backstrom in Capitals zone.
15:26 of 3rd period - Snap shot by Marcus Foligno.
15:26 of 3rd period - Shot Blocked by Cody Hodgson.
15:28 of 3rd period - Snap shot by Oscar Klefbom.
15:28 of 3rd period - Shot Misses the Net.
15:30 of 3rd period - Wrist shot by Jeff Carter.
15:30 of 3rd period - Deflect By Tom Wilson.
15:30 of 3rd period - Stopped by Cory Schneider without a rebound.
15:31 of 3rd period - Nicklas Backstrom wins face-off versus Colin Wilson in Capitals zone.
15:31 of 3rd period - Nicklas Backstrom is hit by Brandon Tanev.
15:57 of 3rd period - Snap shot by Marko Dano.
15:57 of 3rd period - Stopped by Ondrej Pavelec without a rebound.
15:58 of 3rd period - Joe Colborne wins face-off versus Jeff Carter in Penguins zone.
16:05 of 3rd period - Snap shot by Marko Dano.
16:05 of 3rd period - Goal by Marko Dano - Capitals : 4 - Penguins : 2.
16:06 of 3rd period - Jeff Carter wins face-off versus Cody Hodgson in neutral zone.
16:15 of 3rd period - Snap shot by Oscar Klefbom.
16:15 of 3rd period - Shot Blocked by Brandon Gormley.
17:05 of 3rd period - Backhand shot by Brandon Tanev.
17:05 of 3rd period - Shot Misses the Net.
17:49 of 3rd period - Backhand shot by Kirill Kaprizov.
17:49 of 3rd period - Shot Blocked by Colten Teubert.
17:51 of 3rd period - Slapshot by Kirill Kaprizov.
17:51 of 3rd period - Stopped by Cory Schneider with a rebound.
18:01 of 3rd period - Colten Teubert is hit by Tom Wilson and loses puck.
18:44 of 3rd period - Snap shot by Brandon Tanev.
18:44 of 3rd period - Shot Blocked by Brandon Gormley.
18:46 of 3rd period - Slapshot by Brandon Tanev.
18:46 of 3rd period - Stopped by Cory Schneider without a rebound.
18:47 of 3rd period - Cody Hodgson wins face-off versus Jeff Carter in Capitals zone.
18:49 of 3rd period - Minor Penalty to Nicolas Aube-Kubel for Cross-checking.
18:50 of 3rd period - John Tavares wins face-off versus Patrick Kane in Capitals zone.
Goals for this period are 1 for Capitals vs 0 for Penguins.
Shots for this period are 11 for Capitals vs 14 for Penguins. Output by the SimonT Hockey Simulator (STHS) for Francois Prevost - Original Page W3C HTML5 Valid
Hockey Simulator - Hockey Simulation - Hockey Manager